FIQ, neutral male scurrid Tourist }}}}....#.....}} }}}}.......}} -}}}}}}}..} |}}}}}}}}}- Q |}.}}}}}}}| |}..}}}}}.| J |}}}}}}}}.| --####--}}}}.....| |}}}}}}}}}....#..| | +}^}r}..........^|.| |}}}}}}}}...}......| --####--}}.}}}...-- |}}}}}....| J |}}}}}}}..| |}}}}}}}}.| |}}....}}}| -}..}...}}| }}.....}}}| }}}}}}}...}}| }}...}}}}}}}.- }}}}}}.}}}}}}... FIQ the Rambler Experience level: 1 Strength: 12 Dexterity: 12 Constitution: 14 Intelligence: 12 Wisdom: 8 Charisma: 17 Health: 1(9) Energy: 2(2) Def: 0 Gold: 767 Moves: 163 Dungeon seed: vYLsF5JIhj2ks1Zs Game ID: FIQ_1498597438 Your Inventory: Coins $ - 767 gold pieces Weapons a - 38 uncursed thoroughly rusty +2 darts (in quiver) Armor e - an uncursed +0 Hawaiian shirt (being worn) Comestibles b - 3 uncursed tripe rations c - 2 uncursed fortune cookies d - an uncursed egg f - 3 uncursed food rations g - 2 uncursed candy bars h - 2 uncursed cream pies Scrolls j - 4 uncursed scrolls of blank paper o - a cursed scroll of blank paper Potions i - 2 uncursed potions of water Wands m - an uncursed wand of secret door detection (0:11) Tools k - an uncursed expensive camera (0:53) l - an uncursed credit card n - an uncursed very rusty tin opener Spells and supernatural/magical abilities: Name Level Category Fail Memory W - pray for help -- divine ? -- Your skills at the end: Miscellaneous Skills wands [Basic] Weapon Skills dart [Basic] Spellcasting Skills Final Attributes: You were devoutly aligned. You had infravision. You were very stealthy. You are dead. Vanquished creatures: a jellyfish Voluntary challenges: You went without food. You did not adorn yourself with jewelry or accessories. You did not cause conflict. You were not invisible. You did not have reflection. You were not displaced. You were an atheist. You never hit with a wielded weapon. You were a pacifist. You did not use tools. You did not use plumbed fixtures. You did not drink any magical draughts. You were illiterate. You never genocided any monsters. You never polymorphed an object. You never changed form. You used no wishes. You never split a pudding. You never wrote Elbereth's name. You never violated your personal moral code. Dungeon overview: The Dungeons of Doom: levels 1 to 30 Level 1 a long staircase Level 2 Level 3 Level 4 Level 5 Level 6 Level 7 Level 8 Level 9 Level 10 a fountain Level 11 a fountain Level 12 Level 13 a fountain Level 14 Level 15 a fountain Level 16 Level 17 a fountain Level 18 Level 19 Level 20 Level 21 Level 22 Level 23 Level 24 Level 25 Level 26 Level 27 Level 28 Level 29 Level 30 <- You were here some trees History has recorded: On T:1 you entered the Dungeons of Doom to retrieve the Amulet of Yendor! On T:19 you reached level 2 of The Dungeons of Doom. On T:21 you reached level 3 of The Dungeons of Doom. On T:23 you reached level 4 of The Dungeons of Doom. On T:25 you reached level 5 of The Dungeons of Doom. On T:28 you reached level 6 of The Dungeons of Doom. On T:30 you reached level 7 of The Dungeons of Doom. On T:32 you reached level 8 of The Dungeons of Doom. On T:34 you reached level 9 of The Dungeons of Doom. On T:37 you reached level 10 of The Dungeons of Doom. On T:41 you reached level 12 of The Dungeons of Doom. On T:43 you reached level 13 of The Dungeons of Doom. On T:46 you reached level 14 of The Dungeons of Doom. On T:48 you reached level 15 of The Dungeons of Doom. On T:50 you reached level 16 of The Dungeons of Doom. On T:52 you reached level 17 of The Dungeons of Doom. On T:55 you reached level 18 of The Dungeons of Doom. On T:55 you entered the Rogue tribute level. On T:57 you reached level 19 of The Dungeons of Doom. On T:59 you reached level 20 of The Dungeons of Doom. On T:61 you reached level 21 of The Dungeons of Doom. On T:64 you reached level 22 of The Dungeons of Doom. On T:66 you reached level 23 of The Dungeons of Doom. On T:68 you reached level 24 of The Dungeons of Doom. On T:70 you reached level 25 of The Dungeons of Doom. On T:73 you reached level 26 of The Dungeons of Doom. On T:75 you reached level 27 of The Dungeons of Doom. On T:77 you reached level 28 of The Dungeons of Doom. On T:79 you reached level 29 of The Dungeons of Doom. On T:82 you reached The Castle. Score breakdown: Gold: 239 ( 23 points) Experience: 1 level ( 0 points) Exploration: 30 levels ( 870 points) Discoveries: 3 items ( 150 points) Variety of kills: 1 monster ( 50 points) Major goal: (nothing yet) ( 0 points) Survival: died (score multiplied by 3) Total score: 3279 Latest messages: You fall into the water! You sink like a rock. Your darts rust further! Your tin opener rusts further! You try to crawl out of the water. Pheew! That was close. You fall into your pit! You are still in a pit. You crawl to the edge of the pit. You fall into the water! You sink like a rock. You try to crawl out of the water. Pheew! That was close. You start digging downward. You continue digging downward. As you dig, the hole fills with water! You fall into the water! You sink like a rock. Your darts rust completely! You try to crawl out of the water. Pheew! That was close. You start digging downward. You continue digging downward. As you dig, the hole fills with water! You fall into the water! You sink like a rock. You drown. Final status: Aloha FIQ the Tourist, drowned in a moat... You drowned in The Dungeons of Doom on dungeon level 30 with 3279 points, and 767 pieces of gold, after 163 moves. You were level 1 with a maximum of 9 hit points when you drowned.